 Dungeon Crawl Stone Soup version 0.18.1-48-g4cf74bf (webtiles) character file.

12859 Jebus the Basher (level 11, -6/92 HPs)
             Began as a Demonspawn Berserker on Sept 2, 2016.
             Was a High Priest of Trog.
             Splashed by an oklob plant's acid (14 damage)
             ... on level 11 of the Dungeon.
             The game lasted 00:22:01 (12663 turns).

Jebus the Basher (Demonspawn Berserker)            Turns: 12663, Time: 00:22:01

Health: -6/92      AC:  8    Str: 18    XL:     11   Next: 68%
Magic:  11/11      EV:  5    Int:  8    God:    Trog [*****.]
Gold:   557        SH:  4    Dex: 16    Spells: 0 memorised, 10 levels left

rFire  . . .     SeeInvis .     x - +1 flail (protect)
rCold  . . .     Gourm    .     D - +0 plate armour {rPois}
rNeg   . . .     Faith    .     l - +1 buckler
rPois  +         Spirit   .     m - +1 hat
rElec  .         Dismiss  .     (no cloak)
rCorr  .         Reflect  .     R - +2 pair of gloves
SustAt .         Harm     .     O - +0 pair of boots
MR     .....                    (no amulet)
Stlth  ..........               (no ring)
                                (no ring)

@: corroded, not resistant to hostile enchantments, extremely unstealthy
A: antennae 1, claws 1, hooves 1, powered by death 1
a: Berserk, Trog's Hand, Brothers in Arms, Burn Spellbooks, Renounce Religion


You were on level 11 of the Dungeon.
You worshipped Trog.
Trog was extremely pleased with you.
You were not hungry.

You visited 1 branch of the dungeon, and saw 11 of its levels.
You also visited: Ossuary and Bailey.

You collected 557 gold pieces.

Inventory:

Hand Weapons
 x - a +1 flail of protection (weapon)
Missiles
 P - 47 arrows
Armour
 l - a +1 buckler (worn)
 m - a +1 hat (worn)
 D - a +0 plate armour of poison resistance (worn)
 O - a +0 pair of boots (worn)
 R - a +2 pair of gloves (worn)
Jewellery
 a - a +4 ring of intelligence {unknown}
 n - an uncursed ring of stealth {unknown}
 s - an uncursed ring of flight {unknown}
 y - a cursed amulet of faith {unknown}
 A - a +3 ring of dexterity {unknown}
 J - the amulet "Wostraor" {Dismiss MR+}
   (You found it on level 9 of the Dungeon)

   [amulet of dismissal]

   It may teleport away creatures that harm you.
   It affects your resistance to hostile enchantments.
Wands
 v - a wand of acid (3/15)
 z - a wand of polymorph (6/24)
 C - a wand of iceblast (9/15)
 F - a wand of polymorph (8/24)
 I - a wand of iceblast (4/15)
 L - a wand of flame (21/48)
Scrolls
 h - 3 scrolls of enchant weapon
 p - 3 scrolls of recharging
 q - 4 scrolls of remove curse
 t - 6 scrolls of teleportation
 u - 3 scrolls of immolation
 B - a scroll of identify
Potions
 b - 5 potions of cancellation
 d - 6 potions of curing
 e - a potion of brilliance {unknown}
 f - 6 potions of degeneration
 g - 6 potions of heal wounds
 j - 3 potions of might
 k - 4 potions of lignification
 r - 2 potions of cure mutation {unknown}
 w - 2 potions of ambrosia {unknown}
 G - 5 potions of haste
 H - 2 potions of mutation {unknown}
 N - 5 potions of magic {unknown}
 Q - 2 potions of beneficial mutation {unknown}
Books
 K - a book of Unlife

   Spells                             Type                      Level
   a - Recall                         Summoning/Translocation      3
   b - Animate Dead                   Necromancy                   4
   c - Control Undead                 Necromancy                   4
   d - Cigotuvi's Embrace             Necromancy                   5
   e - Death Channel                  Necromancy                   6
   f - Simulacrum                     Ice/Necromancy               6
   Trog disapproves of the use of such an item.
Comestibles
 c - 4 bread rations
 i - 6 meat rations
 o - a royal jelly
 M - 8 fruits


   Skills:
 + Level 10.8 Fighting
 - Level 14.1 Maces & Flails
 - Level 1.7 Armour
 - Level 1.7 Dodging


You had 10 spell levels left.
You didn't know any spells.

Dungeon Overview and Level Annotations

Branches:
Dungeon (11/15)            Temple (0/1) D:6            Lair (0/8) D:11
    Orc (0/2) D:11

Altars:
Ashenzari
Cheibriados
Dithmenos
Elyvilon
Gozag
Kikubaaqudgha
Makhleb
Nemelex Xobeh
Okawaru
Qazlal
Sif Muna
Xom
Zin
The Shining One

Shops:
D:5 :   D:7 :

Portals:
Trove: D:10 (give 18 potions of curing)

Annotations:
D:11 exclusion: 2 oklob plants


Innate Abilities, Weirdness & Mutations

You have a pair of small antennae on your head.
You have sharp fingernails.
You have large cloven feet.
You regenerate a little health from kills.


Message History

The splash of acid hits you!
The acid burns!
* * * LOW HITPOINT WARNING * * *
You hit the oklob plant.
The oklob plant is heavily damaged.
Drink which item? (? for menu, Esc to quit)
You feel much better. The oklob plant spits acid at you.
The splash of acid hits you! The acid corrodes you!
The acid burns!
You hit the oklob plant but do no damage.
The oklob plant is heavily damaged.
The oklob plant spits acid at you. The splash of acid hits you!
* * * LOW HITPOINT WARNING * * *
The acid burns!
* * * LOW HITPOINT WARNING * * *
The oklob plant spits acid at you. The splash of acid hits you!
* * * LOW HITPOINT WARNING * * *
The acid burns!
You die...

########## #........########
####<>.............##
##..'........######..#
##..##..[..#######§...#
#..###....#..§§§@§#...# .>##
#.....%#§§§#§§..## ###
#.....##PPP##...# #
#...#...PPPP..#.#
#...#...P>P...#/#
#...#..PPPP...#.#
#.....##PPP##...#
###....#...#....#
#######..#.......#..##########


You could see an oklob plant.

Vanquished Creatures
  A vault guard (D:10)
  A hydra (D:11)
  A centaur warrior (D:9)
  An unseen horror (D:11)
  A centaur zombie (D:10)
  A guardian serpent (D:11)
  Joseph (D:8)
  A gargoyle (D:10)
  2 two-headed ogres
  A wraith (Ossuary)
  3 yaks (D:10)
  Grum (D:8)
  2 hippogriffs (D:9)
  A hungry ghost (D:10)
  A steam dragon (D:10)
  Edmund (D:4)
  A water moccasin (D:11)
  10 orc warriors
  A necrophage (D:10)
  A black bear (D:9)
  A phantom (D:7)
  4 sky beasts
  5 ice beasts
  5 ogres
  2 wolves (D:8)
  8 centaurs
  A crocodile (D:8)
  3 big kobolds
  11 giant frogs
  An elf zombie (Ossuary)
  A wyvern skeleton (D:10)
  4 scorpions
  A water moccasin skeleton (D:9)
  10 wights
  7 killer bees (D:10)
  4 crimson imps
  A quasit (D:11)
  2 giant frog zombies (D:10)
  4 hounds
  3 jellies
  5 orc wizards
  A centaur skeleton (D:11)
  10 orc priests
  A giant frog skeleton (D:8)
  Terence (D:3)
  An iguana (D:11)
  Natasha (twice) (D:3)
  9 worker ants
  A killer bee zombie (D:9)
  A giant frog simulacrum (D:10)
  A hound skeleton (D:4)
  3 mummies (Ossuary)
  11 gnolls (Bailey)
  12 adders
  5 shadow imps
  2 oozes (D:2)
  2 adder zombies
  An adder skeleton (D:8)
  2 dart slugs
  A giant gecko (D:8)
  48 orcs
  4 ball pythons
  5 giant cockroaches
  8 goblins
  12 hobgoblins
  10 jackals
  6 quokkas
  3 bats
  8 giant newts
  3 goblin zombies (Ossuary)
  3 hobgoblin zombies (Ossuary)
  24 kobolds
  5 kobold zombies (Ossuary)
  9 rats
331 creatures vanquished.

Vanquished Creatures (collateral kills)
  An orc warrior (Bailey)
  2 gnolls (Bailey)
  3 hobgoblins (Bailey)
6 creatures vanquished.

Vanquished Creatures (others)
  A bush (D:6)
1 creature vanquished.

Grand Total: 338 creatures vanquished

Notes
Turn   | Place    | Note
--------------------------------------------------------------
     0 | D:1      | Jebus the Demonspawn Berserker began the quest for the Orb.
     0 | D:1      | Reached XP level 1. HP: 18/18 MP: 1/1
    39 | D:1      | Reached skill level 3 in Maces & Flails
   302 | D:1      | Gained mutation: You have large cloven feet. [demonic ancestry]
   302 | D:1      | Reached XP level 2. HP: 15/24 MP: 2/2
  1086 | D:2      | Found a stormy altar of Qazlal.
  1198 | D:2      | Reached XP level 3. HP: 29/29 MP: 3/3
  1278 | D:2      | Reached skill level 4 in Maces & Flails
  1283 | D:2      | Reached ** piety under Trog
  1596 | D:2      | Reached XP level 4. HP: 27/35 MP: 4/4
  2447 | D:2      | Reached skill level 5 in Maces & Flails
  2808 | D:3      | Noticed Natasha
  2810 | D:3      | Noticed Terence
  2813 | D:3      | Killed Natasha
  2813 | D:3      | Gained mutation: You regenerate a little health from kills. [demonic ancestry]
  2813 | D:3      | Reached XP level 5. HP: 41/41 MP: 5/5
  2817 | D:3      | Killed Terence
  2962 | D:3      | You fall through a shaft!
  2962 | D:4      | Noticed Edmund
  2974 | D:4      | Killed Edmund
  2974 | D:4      | Reached skill level 6 in Maces & Flails
  2974 | D:4      | Gained mutation: You have a pair of small antennae on your head. [demonic ancestry]
  2974 | D:4      | Reached XP level 6. HP: 47/47 MP: 6/6
  3213 | D:3      | Noticed Natasha
  3220 | D:3      | Killed Natasha
  3336 | D:3      | Reached *** piety under Trog
  3571 | D:3      | Found an opulent altar of Gozag.
  3720 | D:4      | Reached skill level 7 in Maces & Flails
  3922 | D:4      | Reached XP level 7. HP: 52/52 MP: 7/7
  4392 | D:5      | Entered Level 5 of the Dungeon
  4774 | D:5      | Reached skill level 8 in Maces & Flails
  4969 | D:5      | Found an iron altar of Okawaru.
  4972 | D:5      | Found a shadowy altar of Dithmenos.
  4973 | D:5      | Found a shattered altar of Ashenzari.
  4973 | D:5      | Found a snail-covered altar of Cheibriados.
  4975 | D:5      | Found an ancient bone altar of Kikubaaqudgha.
  4978 | D:5      | Found a glowing golden altar of the Shining One.
  4979 | D:5      | Found a sparkling altar of Nemelex Xobeh.
  5036 | D:5      | Found Wadaon's Book Shoppe.
  5402 | D:6      | Found a staircase to the Ecumenical Temple.
  5449 | D:6      | Reached skill level 9 in Maces & Flails
  5449 | D:6      | Reached XP level 8. HP: 29/58 MP: 8/8
  5681 | D:6      | Reached **** piety under Trog
  5796 | D:6      | Found a glowing silver altar of Zin.
  5796 | D:6      | Found a burning altar of Makhleb.
  5797 | D:6      | Noticed a balrug
  5797 | D:6      | Noticed an angel
  5834 | D:6      | Found a sand-covered staircase.
  5851 | Ossuary  | Entered an ossuary
  6017 | Ossuary  | Reached skill level 10 in Maces & Flails
  6813 | D:7      | Reached skill level 11 in Maces & Flails
  6813 | D:7      | Reached XP level 9. HP: 60/63 MP: 9/9
  7567 | D:7      | Found Ysepnanu's Book Shoppe.
  7768 | D:7      | Found a deep blue altar of Sif Muna.
  7775 | D:7      | Reached skill level 12 in Maces & Flails
  8255 | D:8      | Noticed Grum
  8310 | D:8      | Killed Grum
  8310 | D:8      | Reached skill level 13 in Maces & Flails
  8312 | D:8      | Gained mutation: You have sharp fingernails. [demonic ancestry]
  8312 | D:8      | Reached XP level 10. HP: 47/70 MP: 10/10
  8559 | D:8      | Noticed Joseph
  8573 | D:8      | Killed Joseph
  8694 | D:8      | Found a shimmering altar of Xom.
  8894 | D:9      | Found a white marble altar of Elyvilon.
  8946 | D:9      | Got a bound iron amulet
  9066 | D:9      | Noticed a centaur warrior
  9077 | D:9      | Killed a centaur warrior
  9077 | D:9      | Reached skill level 14 in Maces & Flails
  9773 | D:10     | Entered Level 10 of the Dungeon
  9917 | D:10     | Found a flagged portal.
  9927 | Bailey   | Entered a bailey
  9961 | Bailey   | Reached ***** piety under Trog
 10131 | Bailey   | Reached skill level 5 in Fighting
 10300 | Bailey   | Identified the amulet "Wostraor" {Dismiss MR+} (You found it on level 9 of the Dungeon)
 10552 | D:10     | Noticed a gargoyle
 10562 | D:10     | Killed a gargoyle
 10589 | D:10     | Reached XP level 11. HP: 48/83 MP: 11/11
 11056 | D:10     | Noticed a vault guard
 11087 | D:10     | Killed a vault guard
 11143 | D:10     | Received a gift from Trog
 11448 | D:10     | Found a portal to a secret trove of treasure.
 11452 | D:10     | Identified a scroll of acquirement
 11499 | D:11     | Noticed an oklob plant
 11500 | D:11     | Noticed an oklob plant
 11604 | D:11     | Killed an unseen horror
 11858 | D:11     | Found a staircase to the Orcish Mines.
 11976 | D:11     | Reached skill level 10 in Fighting
 12369 | D:11     | Noticed an eight-headed hydra
 12381 | D:11     | Killed an eight-headed hydra
 12642 | D:11     | Found a staircase to the Lair.
 12663 | D:11     | Splashed by an oklob plant's acid

Skill      XL: |  1  2  3  4  5  6  7  8  9 10 11 |
---------------+----------------------------------+-----
Maces & Flails | 3 4 5 6 7 9 11 13 14 | 14.1
Fighting       | 6 10 | 10.8
Armour         | |  1.7
Dodging        | |  1.7

Action                   |  1- 3 |  4- 6 |  7- 9 | 10-12 || total
-------------------------+-------+-------+-------+-------++-------
Melee: Mace              |    90 |    71 |       |       ||   161
       Kick              |    12 |    39 |   134 |    72 ||   257
       Flail             |       |    90 |   446 |   675 ||  1211
Invok: Berserk           |     2 |     5 |     8 |    12 ||    27
       Trog's Hand       |       |       |     1 |     2 ||     3
       Brothers in Arms  |       |       |       |     1 ||     1
       Burn Spellbooks   |       |       |       |     2 ||     2
Evoke: Wand              |       |       |     1 |     1 ||     2
  Use: Scroll            |       |     9 |     8 |     5 ||    22
       Potion            |       |       |     2 |     3 ||     5
 Stab: Sleeping          |     1 |     1 |       |       ||     2
  Eat: Chunk             |     3 |     8 |     6 |    12 ||    29
       Bread ration      |       |     1 |     4 |     1 ||     6
       Pizza             |       |       |     1 |     1 ||     2
       Fruit             |       |       |       |    18 ||    18
Armor: Animal skin       |    19 |    11 |       |       ||    30
       Ring mail         |       |    52 |    16 |       ||    68
       Scale mail        |       |       |   146 |   131 ||   277
       Skin              |       |       |     8 |       ||     8
       Plate armour      |       |       |       |   227 ||   227
Dodge: Dodged            |    75 |    52 |   147 |   193 ||   467
Block: Buckler           |       |    21 |    55 |   110 ||   186
